SL
ROCKY MOUNTAIN NUGGETS @ PHILADEPHIA 1776 BC
07/04/2019
 
TOP OF THE 1ST
Rocky Mountain Nuggets batting - Pitching for Philadephia 1776 BC : RHP Gonçalo Conxacha
Pitching: RHP Gonçalo Conxacha
Batting: RHB Xie-li Kan 0-0: Called Strike
0-1: Ground out 6-3 (Groundball, 6M)
Batting: RHB Mark O'Monaghan 0-0: Ball
1-0: Reached on error, E3 (Groundball, 34)
Batting: RHB Mark Melton 0-0: Ball
1-0: Called Strike
1-1: SINGLE (Groundball, 25) (infield hit)
Mark O'Monaghan to third
Batting: RHB Michael Riley 0-0: Foul Ball, location: 2F
0-1: Fly out, F5 (Popup, 5SF)
Batting: SHB Jim Morris 0-0: Called Strike
0-1: Foul Ball, location: 2F
0-2: Foul Ball, location: 2F
0-2: Ball
1-2: SINGLE (Flyball, 89S)
Mark O'Monaghan scores
Mark Melton to second
Runner from 2nd tries for 3rd, SAFE, throw made to third
Batting: SHB Jorge Colomo 0-0: Foul Ball, location: 2F
0-1: Ball
1-1: Fly out, F9 (Flyball, 89XD)
Top of the 1st over - 1 run(s), 2 hit(s), 1 error(s), 2 left on base; Rocky Mountain 1 - Philadephia 1776 0
BOTTOM OF THE 1ST
Philadephia 1776 BC batting - Pitching for Rocky Mountain Nuggets : RHP Carl Snyder
Pitching: RHP Carl Snyder
Batting: LHB Manuel García 0-0: Ball
1-0: Ball
2-0: Called Strike
2-1: DOUBLE (Line Drive, 9LS)
Batting: RHB Toshitsugu Sakamoto 0-0: Called Strike
0-1: Ball
1-1: Ball
2-1: Ball
3-1: Base on Balls
Batting: LHB Chris Nelson 0-0: Foul Ball, location: 2F
0-1: Called Strike
0-2: Ball
1-2: Grounds into double play, 4-6-3 (Groundball, 4)
Manuel García to third
Batting: RHB Chris Lowe 0-0: Ball
1-0: Ball
2-0: Called Strike
2-1: Ground out 6-3 (Groundball, 6)
Bottom of the 1st over - 0 run(s), 1 hit(s), 0 error(s), 1 left on base; Rocky Mountain 1 - Philadephia 1776 0
TOP OF THE 2ND
Rocky Mountain Nuggets batting - Pitching for Philadephia 1776 BC : RHP Gonçalo Conxacha
Batting: RHB Juan Ávila 0-0: SINGLE (Line Drive, 56D)
Batting: LHB George Best 0-0: DOUBLE (Line Drive, 7LS)
Juan Ávila to third
Batting: RHB Carl Snyder 0-0: Foul Ball, location: 2F
0-1: Fly out, F9 (Flyball, 9D)
Runner from 3rd tags up, SCORES, no throw
George Best to third
Batting: RHB Xie-li Kan 0-0: Ball
1-0: Called Strike
1-1: Foul Ball, location: 2F
1-2: Ground out 6-3 (Groundball, 6)
George Best scores
Batting: RHB Mark O'Monaghan 0-0: Ball
1-0: Swinging Strike
1-1: Ball
2-1: Foul Ball, location: 2F
2-2: Foul Ball, location: 2F
2-2: Ball
3-2: Base on Balls
Batting: RHB Mark Melton 0-0: Ball
Mark O'Monaghan steals 2nd base
1-0: SINGLE (Flyball, 56D)
Mark O'Monaghan to third
Runner from 3rd tries for Home, SAFE, no throw or cutoff
Batting: RHB Michael Riley 0-0: Foul Ball, location: 2F
0-1: Swinging Strike
0-2: Ball
1-2: Foul Ball, location: 2F
Balk!
Mark Melton to second
1-2: Strikes out looking
Top of the 2nd over - 3 run(s), 3 hit(s), 0 error(s), 1 left on base; Rocky Mountain 4 - Philadephia 1776 0
BOTTOM OF THE 2ND
Philadephia 1776 BC batting - Pitching for Rocky Mountain Nuggets : RHP Carl Snyder
Batting: RHB Brian O'Brian 0-0: Ball
1-0: Called Strike
1-1: Ground out 5-3 (Groundball, 56)
Batting: SHB Matt Morris 0-0: Called Strike
0-1: Swinging Strike
0-2: Ball
1-2: Strikes out looking
Batting: RHB Lúcio Montoya 0-0: Ball
1-0: Called Strike
1-1: Ball
2-1: Ground out 6-3 (Groundball, 6)
Bottom of the 2nd over - 0 run(s), 0 hit(s), 0 error(s), 0 left on base; Rocky Mountain 4 - Philadephia 1776 0
TOP OF THE 3RD
Rocky Mountain Nuggets batting - Pitching for Philadephia 1776 BC : RHP Gonçalo Conxacha
Batting: SHB Jim Morris 0-0: Called Strike
0-1: Swinging Strike
0-2: SINGLE (Line Drive, 9S)
Batting: SHB Jorge Colomo 0-0: SINGLE (Groundball, 34D)
Jim Morris to second
Runner from 2nd tries for 3rd, SAFE, throw made to third
Batting: RHB Juan Ávila 0-0: Ball
1-0: Ball
2-0: Swinging Strike
2-1: Fly out, F8 (Line Drive, 8LS)
Batting: LHB George Best 0-0: Ball
1-0: Ball
Passed Ball!
Jim Morris scores
Jorge Colomo to second
2-0: Ball
3-0: Base on Balls
Batting: RHB Carl Snyder 0-0: Ball
1-0: Sac Bunt - play at first, batter OUT! 5-4
Jorge Colomo to third
George Best to second
Batting: RHB Xie-li Kan 0-0: Foul Ball, location: 2F
0-1: Swinging Strike
0-2: Ball
1-2: Foul Ball, location: 2F
1-2: Ground out 6-3 (Groundball, 6)
Top of the 3rd over - 1 run(s), 2 hit(s), 0 error(s), 2 left on base; Rocky Mountain 5 - Philadephia 1776 0
BOTTOM OF THE 3RD
Philadephia 1776 BC batting - Pitching for Rocky Mountain Nuggets : RHP Carl Snyder
Batting: RHB Manny Hernández 0-0: Foul Ball, location: 2F
0-1: Bunted foul
0-2: Ball
1-2: Foul Ball, location: 2F
1-2: Ball
2-2: Ball
3-2: Base on Balls
Pinch Hitting: RHB Yuji Ine 0-0: Called Strike
Manny Hernández is caught stealing 2nd base
0-1: Ball
1-1: Ball
2-1: Foul Ball, location: 2F
2-2: Foul Ball, location: 2F
2-2: Foul Ball, location: 2F
2-2: Fly out, F4 (Line Drive, 4M)
Batting: LHB Manuel García 0-0: Ground out 5-3 (Groundball, 5S)
Bottom of the 3rd over - 0 run(s), 0 hit(s), 0 error(s), 0 left on base; Rocky Mountain 5 - Philadephia 1776 0
TOP OF THE 4TH
Rocky Mountain Nuggets batting - Pitching for Philadephia 1776 BC : RHP Gonçalo Conxacha
Pitching: LHP Jason Dudley
Batting: RHB Mark O'Monaghan 0-0: Called Strike
0-1: SINGLE (Groundball, 6D)
Batting: RHB Mark Melton 0-0: Ball
1-0: Ball
2-0: Ball
3-0: Foul Ball, location: 2F
3-1: Base on Balls
Mark O'Monaghan to second
Batting: RHB Michael Riley 0-0: Fly out, F3 (Popup, 3F)
Batting: SHB Jim Morris 0-0: Ball
1-0: Ball
Wild Pitch!
Mark O'Monaghan to third
Mark Melton to second
2-0: Ball
3-0: Base on Balls
Batting: SHB Jorge Colomo 0-0: Ball
1-0: Foul Ball, location: 2F
1-1: Ball
2-1: SINGLE (Flyball, 89S)
Mark O'Monaghan scores
Mark Melton to third
Jim Morris to second
Batting: RHB Juan Ávila 0-0: Fly out, F8 (Flyball, 8LXD)
Runner from 3rd tags up, SCORES, no throw
Batting: LHB George Best 0-0: Called Strike
0-1: SINGLE (Groundball, 2R) (infield hit)
Jim Morris to third
Jorge Colomo to second
Batting: RHB Carl Snyder 0-0: Ball
1-0: Foul Ball, location: 2F
1-1: Fly out, F4 (Popup, 4)
Top of the 4th over - 2 run(s), 3 hit(s), 0 error(s), 3 left on base; Rocky Mountain 7 - Philadephia 1776 0
BOTTOM OF THE 4TH
Philadephia 1776 BC batting - Pitching for Rocky Mountain Nuggets : RHP Carl Snyder
Batting: RHB Toshitsugu Sakamoto 0-0: Called Strike
0-1: Swinging Strike
0-2: Ball
1-2: Strikes out swinging
Batting: LHB Chris Nelson 0-0: Ball
1-0: Fly out, F8 (Flyball, 8LD)
Batting: RHB Chris Lowe 0-0: Ball
1-0: Foul Ball, location: 2F
1-1: Foul Ball, location: 2F
1-2: Ground out U3 (Groundball, 3S)
Bottom of the 4th over - 0 run(s), 0 hit(s), 0 error(s), 0 left on base; Rocky Mountain 7 - Philadephia 1776 0
TOP OF THE 5TH
Rocky Mountain Nuggets batting - Pitching for Philadephia 1776 BC : LHP Jason Dudley
Batting: RHB Xie-li Kan 0-0: Ball
1-0: Swinging Strike
1-1: Called Strike
1-2: Ball
2-2: Ball
3-2: Foul Ball, location: 2F
3-2: Foul Ball, location: 2F
3-2: SINGLE (Line Drive, 9S)
Batting: RHB Mark O'Monaghan 0-0: Ball
1-0: Foul Ball, location: 2F
1-1: Fielders Choice at 2nd, 3-6 (Groundball, 3)
Batting: RHB Mark Melton 0-0: Ball
1-0: Ball
2-0: Fly out, F4 (Popup, 34D)
Batting: RHB Michael Riley 0-0: SINGLE (Flyball, 7LM)
Mark O'Monaghan to second
Batting: SHB Jim Morris 0-0: Ball
1-0: Foul Ball, location: 2F
1-1: Fly out, F6 (Line Drive, 6)
Top of the 5th over - 0 run(s), 2 hit(s), 0 error(s), 2 left on base; Rocky Mountain 7 - Philadephia 1776 0
BOTTOM OF THE 5TH
Philadephia 1776 BC batting - Pitching for Rocky Mountain Nuggets : RHP Carl Snyder
Batting: RHB Brian O'Brian 0-0: Ball
1-0: Fly out, F7 (Flyball, 7D)
Batting: SHB Matt Morris 0-0: Called Strike
0-1: Ball
1-1: Ball
2-1: Ground out 3-1 (Groundball, 34S)
Batting: RHB Lúcio Montoya 0-0: Called Strike
0-1: Ball
1-1: Ball
2-1: Ball
3-1: Fly out, F8 (Flyball, 8RM)
Bottom of the 5th over - 0 run(s), 0 hit(s), 0 error(s), 0 left on base; Rocky Mountain 7 - Philadephia 1776 0
TOP OF THE 6TH
Rocky Mountain Nuggets batting - Pitching for Philadephia 1776 BC : LHP Jason Dudley
Batting: SHB Jorge Colomo 0-0: Ball
1-0: Called Strike
1-1: Foul Ball, location: 2F
1-2: Ball
2-2: Ground out 6-3 (Groundball, 6)
Pitching: RHP Paul Clark
Batting: RHB Juan Ávila 0-0: Ball
1-0: Foul Ball, location: 2F
1-1: Swinging Strike
1-2: Ground out 5-3 (Groundball, 5S)
Batting: LHB George Best 0-0: Ball
1-0: Ball
2-0: Ball
3-0: Called Strike
3-1: Foul Ball, location: 2F
3-2: Base on Balls
Batting: RHB Carl Snyder 0-0: Fly out, F8 (Flyball, 8LM)
Top of the 6th over - 0 run(s), 0 hit(s), 0 error(s), 1 left on base; Rocky Mountain 7 - Philadephia 1776 0
BOTTOM OF THE 6TH
Philadephia 1776 BC batting - Pitching for Rocky Mountain Nuggets : RHP Carl Snyder
Batting: RHB Manny Hernández 0-0: Ground out 4-3 (Groundball, 4)
Pinch Hitting: LHB Rubén Alte 0-0: Fly out, F8 (Line Drive, 8RD)
Batting: LHB Manuel García 0-0: Ball
1-0: Called Strike
1-1: Ball
2-1: Ball
3-1: Called Strike
3-2: Foul Ball, location: 2F
3-2: Strikes out swinging
Bottom of the 6th over - 0 run(s), 0 hit(s), 0 error(s), 0 left on base; Rocky Mountain 7 - Philadephia 1776 0
TOP OF THE 7TH
Rocky Mountain Nuggets batting - Pitching for Philadephia 1776 BC : RHP Paul Clark
Pitching: RHP Alberto Ortíz
Batting: RHB Xie-li Kan 0-0: Called Strike
0-1: Ground out 1-3 (Groundball, 13)
Batting: RHB Mark O'Monaghan 0-0: Foul Ball, location: 2F
0-1: Ball
1-1: Swinging Strike
1-2: Strikes out swinging
Batting: RHB Mark Melton 0-0: Ball
1-0: Ball
2-0: Swinging Strike
2-1: Ground out 6-3 (Groundball, 6M)
Top of the 7th over - 0 run(s), 0 hit(s), 0 error(s), 0 left on base; Rocky Mountain 7 - Philadephia 1776 0
BOTTOM OF THE 7TH
Philadephia 1776 BC batting - Pitching for Rocky Mountain Nuggets : RHP Carl Snyder
Batting: RHB Toshitsugu Sakamoto 0-0: Called Strike
0-1: Called Strike
0-2: Ball
1-2: Ball
2-2: Ball
3-2: Strikes out swinging
Batting: LHB Chris Nelson 0-0: Swinging Strike
0-1: Foul Ball, location: 2F
0-2: Ball
1-2: Strikes out looking
Batting: RHB Chris Lowe 0-0: Called Strike
0-1: Ball
1-1: Ball
2-1: Ball
3-1: Ground out 5-3 (Groundball, 5L)
Bottom of the 7th over - 0 run(s), 0 hit(s), 0 error(s), 0 left on base; Rocky Mountain 7 - Philadephia 1776 0
TOP OF THE 8TH
Rocky Mountain Nuggets batting - Pitching for Philadephia 1776 BC : RHP Alberto Ortíz
Pinch Hitting: LHB Egidio Agnolutto 0-0: Ball
1-0: Ball
2-0: Ball
3-0: Called Strike
3-1: Base on Balls
Pinch Hitting: RHB David Verhoeve 0-0: Ball
1-0: Foul Ball, location: 2F
1-1: Ball
2-1: Ball
3-1: Foul Ball, location: 2F
3-2: Grounds into double play, 6-4-3 (Groundball, 6)
Batting: SHB Jorge Colomo 0-0: Ball
1-0: Ball
2-0: Foul Ball, location: 2F
2-1: Ball
3-1: Called Strike
3-2: SINGLE (Line Drive, 6MD)
Batting: RHB Juan Ávila 0-0: Ball
1-0: Ball
2-0: SINGLE (Line Drive, 7S)
Jorge Colomo to second
Batting: LHB George Best 0-0: Swinging Strike
0-1: Ball
1-1: Ball
2-1: Ball
3-1: Called Strike
3-2: Reached on error, E5 (Groundball, 5S)
Jorge Colomo to third
Juan Ávila to second
Pinch Hitting: RHB Paul Smith 0-0: Called Strike
0-1: Ball
1-1: Ball
2-1: Fly out, F4 (Popup, 4)
Top of the 8th over - 0 run(s), 2 hit(s), 1 error(s), 3 left on base; Rocky Mountain 7 - Philadephia 1776 0
BOTTOM OF THE 8TH
Philadephia 1776 BC batting - Pitching for Rocky Mountain Nuggets : RHP Carl Snyder
Pitching: RHP Ramón Tovar
Now in CF: Egidio Agnolutto
Now in RF: David Verhoeve
Batting: RHB Brian O'Brian 0-0: Called Strike
0-1: Ground out 5-3 (Groundball, 5S)
Batting: SHB Matt Morris 0-0: Swinging Strike
0-1: Swinging Strike
0-2: Strikes out swinging
Batting: RHB Lúcio Montoya 0-0: Swinging Strike
0-1: Foul Ball, location: 2F
0-2: Ball
1-2: Ball
2-2: Foul Ball, location: 2F
2-2: Ball
3-2: Foul Ball, location: 2F
3-2: SINGLE (Line Drive, 9S)
Batting: RHB Manny Hernández 0-0: Called Strike
0-1: Fly out, F7 (Line Drive, 78S)
Bottom of the 8th over - 0 run(s), 1 hit(s), 0 error(s), 1 left on base; Rocky Mountain 7 - Philadephia 1776 0
TOP OF THE 9TH
Rocky Mountain Nuggets batting - Pitching for Philadephia 1776 BC : RHP Alberto Ortíz
Batting: RHB Xie-li Kan 0-0: Called Strike
0-1: Fly out, F9 (Line Drive, 89M)
Batting: RHB Mark O'Monaghan 0-0: Called Strike
0-1: Ball
1-1: Ball
2-1: Foul Ball, location: 2F
2-2: Foul Ball, location: 2F
2-2: Ball
3-2: Ground out U3 (Groundball, 3)
Batting: RHB Mark Melton 0-0: Ball
1-0: Called Strike
1-1: SOLO HOME RUN (Flyball, 78XD), Distance : 428 ft
Batting: LHB Egidio Agnolutto 0-0: SINGLE (Groundball, 34D) (infield hit)
Batting: RHB David Verhoeve 0-0: Called Strike
0-1: Ball
1-1: Ball
2-1: 2-RUN HOME RUN (Flyball, 7LD), Distance : 366 ft
Pinch Hitting: LHB Jason Potter 0-0: Ground out U3 (Groundball, 3)
Top of the 9th over - 3 run(s), 3 hit(s), 0 error(s), 0 left on base; Rocky Mountain 10 - Philadephia 1776 0
BOTTOM OF THE 9TH
Philadephia 1776 BC batting - Pitching for Rocky Mountain Nuggets : RHP Ramón Tovar
Now at C: Clint Anthony
Pinch Hitting: LHB John Boone 0-0: Foul Ball, location: 2F
0-1: Ball
1-1: Foul Ball, location: 2F
1-2: Ball
2-2: Ground out 4-3 (Groundball, 4M)
Batting: LHB Manuel García 0-0: Called Strike
0-1: Called Strike
0-2: Ball
1-2: Ball
2-2: Fly out, F8 (Flyball, 8LM)
Batting: RHB Toshitsugu Sakamoto 0-0: Called Strike
0-1: Foul Ball, location: 2F
0-2: Ball
1-2: Fly out, F3 (Popup, 3D)
Bottom of the 9th over - 0 run(s), 0 hit(s), 0 error(s), 0 left on base; Rocky Mountain 10 - Philadephia 1776 0
This league is powered by Out of the Park Baseball, the baseball management simulation game for PC, Mac and Linux
Saturday, July 25th, 2015 - OOTP Baseball 15.6 Build 34